 Dungeon Crawl Stone Soup version 0.18-b1-23-gf76aad1 (webtiles) character file.

524 LORDOFBUTT the Covert (level 7, 0/33 HPs)
             Began as a Spriggan Assassin on May 4, 2016.
             Slain by a giant frog (5 damage)
             ... on level 4 of the Dungeon.
             The game lasted 00:07:45 (3481 turns).

LORDOFBUTT the Covert (Spriggan Assassin)           Turns: 3481, Time: 00:07:45

Health: 0/33       AC:  5    Str:  7    XL:     7   Next: 2%
Magic:  8/8        EV: 17    Int: 12    God:
Gold:   228        SH:  0    Dex: 20    Spells: 0 memorised, 6 levels left

rFire  . . .     SeeInvis +     b - +0 blowgun
rCold  . . .     Gourm    .     c - +0 robe
rNeg   . . .     Faith    .     (shield restricted)
rPois  .         Spirit   .     n - +2 hat
rElec  .         Dismiss  .     d - +0 cloak
rCorr  .         Reflect  .     (gloves unavailable)
SustAt .         Harm     .     (boots unavailable)
MR     +....                    (no amulet)
Stlth  ++++++....               (no ring)
                                (no ring)

@: very quick, somewhat resistant to hostile enchantments, very stealthy
A: unfitting armour, see invisible, herbivore 3, speed 3, slow metabolism 2
a: no special abilities


You were on level 4 of the Dungeon.
You were not hungry.

You visited 1 branch of the dungeon, and saw 4 of its levels.

You collected 228 gold pieces.

Inventory:

Hand Weapons
 a - a +2 dagger
 b - a +0 blowgun (weapon)
Missiles
 e - 27 poisoned needles (quivered)
 f - 2 curare-tipped needles
 h - 4 needles of sleeping
Armour
 c - a +0 robe (worn)
 d - a +0 cloak (worn)
 n - a +2 hat (worn)
Scrolls
 i - a scroll of enchant armour {unknown}
 j - 2 scrolls of immolation {unknown}
 l - 3 scrolls of random uselessness {unknown}
 m - 3 scrolls of teleportation {unknown}
 o - 2 scrolls of identify {unknown}
 p - a scroll of magic mapping {unknown}
 u - 3 scrolls of amnesia {unknown}
 w - a scroll of remove curse {unknown}
 B - a scroll of fog {unknown}
Potions
 k - 3 potions of curing
 r - 3 potions of lignification {unknown}
 s - 2 potions of might {unknown}
 t - a potion of magic {unknown}
 v - a potion of heal wounds {unknown}
 x - a potion of resistance {unknown}
 z - a potion of cancellation {unknown}
 A - a potion of cure mutation {unknown}
Books
 y - a book of Enchantments

   Spells                             Type                      Level
   a - Cause Fear                     Hexes                        4
   b - Yara's Violent Unravelling     Hexes/Transmutation          5
   c - Silence                        Hexes/Air                    5
   d - Deflect Missiles               Charms/Air                   6
   e - Haste                          Charms                       6
   f - Discord                        Hexes                        8
Comestibles
 g - 7 bread rations
 q - 2 royal jellies


   Skills:
 - Level 1.5 Fighting
 * Level 3.7 Short Blades
 - Level 2.0 Throwing
 - Level 1.5 Dodging
 * Level 11.9 Stealth


You had 6 spell levels left.
You didn't know any spells.

Dungeon Overview and Level Annotations

Branches:
Dungeon (4/15)             Temple (0/1) D:4

Altars:

Annotations:
D:2 Natasha


Innate Abilities, Weirdness & Mutations

You are tiny and cannot use many weapons and most armour.
You have supernaturally acute eyesight.
You are a herbivore.
You cover ground extremely quickly.
You need consume almost no food.


Message History

Wield which item (- for none, * to show all)? (? for menu, Esc to quit)
b - a +0 blowgun (weapon)
Quiver which item? (- for none, * to show all) (? for menu, Esc to quit)
Quivering
e - 29 poisoned needles for blowguns.
Firing (i - inventory. (,) - cycle):
e - 29 poisoned needles (quivered)
Press: ? - help, Shift-Dir - straight line, f - giant frog
Aim: a giant frog You shoot a poisoned needle.
The poisoned needle hits the giant frog.
The giant frog is poisoned.
The giant frog misses you.
The giant frog looks more healthy.
Firing (i - inventory. (,) - cycle):
e - 28 poisoned needles (quivered)
Press: ? - help, Shift-Dir - straight line, f/p - giant frog
Aim: a giant frog (lightly wounded)
You shoot a poisoned needle.
The poisoned needle hits the giant frog.
The giant frog is poisoned.
The giant frog is lightly wounded.
The giant frog hits you.
You die...

#.......#########
#.......#.......##
#.........#####..#
##............#### ###
#.......#####.# ..#
#.....†.# #...# ..#
#.......# #.### ..#
##.....####.# ###
####......@F(.#######
#........#####......#
#.##..##..# #......#
###.##..# #.# #.†....#
#...#[..# #.####†.....#
###.##...## #...##......#
##.......## ###.##......#
#....###.# #...........#
#########.#####.##.#......#


You could see a giant frog.

Vanquished Creatures
  An ogre (D:4)
  A scorpion (D:4)
  A crimson imp (D:4)
  2 giant frog skeletons (D:4)
  2 orc wizards (D:4)
  A centaur skeleton (D:4)
  3 worker ants
  A worker ant zombie (D:4)
  A gnoll (D:2)
  3 adders
  A worm zombie (D:4)
  3 worms
  2 dart slugs
  3 giant geckos
  4 orcs
  5 bats
  A giant cockroach (D:4)
  11 goblins
  5 hobgoblins
  4 jackals (D:1)
  4 quokkas
  3 ball pythons
  A ball python skeleton (D:4)
  A giant gecko skeleton (D:4)
  7 giant newts
  5 kobolds
  4 rats
80 creatures vanquished.

Notes
Turn   | Place    | Note
--------------------------------------------------------------
     0 | D:1      | LORDOFBUTT the Spriggan Assassin began the quest for the Orb.
     0 | D:1      | Reached XP level 1. HP: 10/10 MP: 2/2
   146 | D:1      | Reached skill level 6 in Stealth
   318 | D:1      | Reached XP level 2. HP: 10/14 MP: 3/3
   571 | D:1      | Reached skill level 7 in Stealth
   853 | D:2      | Reached XP level 3. HP: 18/18 MP: 4/4
   894 | D:2      | Noticed Natasha
  1335 | D:2      | Reached skill level 8 in Stealth
  1750 | D:3      | Reached XP level 4. HP: 22/22 MP: 5/5
  2812 | D:3      | Reached skill level 9 in Stealth
  2930 | D:4      | Reached XP level 5. HP: 9/25 MP: 6/6
  2938 | D:4      | HP: 1/25 [orc wizard/dagger (3)]
  2998 | D:4      | Reached skill level 10 in Stealth
  3180 | D:4      | Found a staircase to the Ecumenical Temple.
  3241 | D:4      | Found a sand-covered staircase.
  3241 | D:4      | Noticed an ogre
  3248 | D:4      | Killed an ogre
  3248 | D:4      | Reached XP level 6. HP: 24/30 MP: 7/7
  3276 | D:4      | Reached skill level 11 in Stealth
  3440 | D:4      | Reached XP level 7. HP: 23/33 MP: 8/8
  3481 | D:4      | Slain by a giant frog

Skill      XL: |  1  2  3  4  5  6 |
---------------+-------------------+-----
Stealth        | 6 7 8 9 10 11 | 11.9
Short Blades   | 3 |  3.7
Fighting       | |  1.5
Throwing       | |  2.0
Dodging        | |  1.5

Action                   |  1- 3 |  4- 6 |  7- 9 || total
-------------------------+-------+-------+-------++-------
Melee: Dagger            |    78 |   121 |     6 ||   205
 Fire: Blowgun           |     5 |    16 |     2 ||    23
  Use: Potion            |       |       |     1 ||     1
 Stab: Sleeping          |    12 |    23 |       ||    35
       Distracted        |     1 |     1 |       ||     2
Armor: Robe              |     8 |    12 |     1 ||    21
Dodge: Dodged            |    40 |    55 |     6 ||   101
